 Dungeon Crawl Stone Soup version 0.28.0-53-g5a82cb258f (webtiles) character file.

Game seed: 3807669781766286445

135 Peloso the Covered (level 4, -2/40 HPs)
             Began as a Minotaur Fighter on July 14, 2022.
             Slain by a black bear (3 damage)
             ... on level 6 of the Dungeon.
             The game lasted 00:04:06 (2593 turns).

Peloso the Covered (Minotaur Fighter)               Turns: 2593, Time: 00:04:07

Health: -2/40      AC:  9    Str: 20    XL:     4   Next: 97%
Magic:  3/3        EV:  9    Int:  5    God:
Gold:   110        SH:  5    Dex: 12    Spells: 3/3 levels left

rFire   . . .      SeeInvis .   a - +0 long sword
rCold   . . .      Faith    .   c - +0 buckler
rNeg    . . .      Spirit   .   b - +2 scale mail {rPois}
rPois   +          Reflect  .   (helmet restricted)
rElec   .          Harm     .   (no cloak)
rCorr   .          Rampage  .   (no gloves)
Will    .....                   (no boots)
Stlth   ..........              (no amulet)
HPRegen 0.13/turn               (no ring)
MPRegen 0.08/turn               (no ring)

@: no status effects
A: horns 2, retaliatory headbutt
a: no special abilities


You were on level 6 of the Dungeon.
You visited 1 branch of the dungeon, and saw 6 of its levels.

You collected 110 gold pieces.

Inventory:

Hand Weapons
 a - a +0 long sword (weapon)
Armour
 b - a +2 scale mail of poison resistance (worn)
 c - a +0 buckler (worn)
Jewellery
 e - a ring of see invisible
 i - an amulet of faith
Scrolls
 k - 2 scrolls of enchant armour
Potions
 d - 2 potions of might
 f - 5 potions of curing
 g - a potion of heal wounds
 j - a potion of flight


   Skills:
 + Level 4.2 Fighting
 + Level 4.2 Long Blades
 + Level 4.6 Armour
 + Level 1.3 Dodging
 + Level 0.6 Stealth
 + Level 4.0 Shields


You had 3 spell levels left.
You didn't know any spells.
Your spell library was empty.

Dungeon Overview and Level Annotations

Branches:
Dungeon (7/15)
 Temple: D:4-7

Altars:
Sif Muna

Shops:
D:6 (

Annotations:
D:6 Pikel, Prince Ribbit


Innate Abilities, Weirdness & Mutations

You have a pair of horns on your head.
You reflexively headbutt those who attack you in melee.


Message History

Prince Ribbit blinks!
You block the ufetubus's attack. The ufetubus hits you.
The ufetubus misses you. You furiously retaliate!
You headbutt the ufetubus. You block the ufetubus's attack.
Found a scroll of identify.
The ufetubus barely misses you.
The ufetubus hits you but does no damage.
The ufetubus closely misses you. You block the ufetubus's attack.
The ufetubus barely misses you. The ufetubus closely misses you.
The ufetubus hits you. The ufetubus closely misses you.
You see here a scroll of identify.
The ufetubus barely misses you. The ufetubus misses you.
You block the ufetubus's attack.
The ufetubus hits you but does no damage.
Found a stone staircase leading down.
The ufetubus closely misses you. You furiously retaliate!
You headbutt the ufetubus!
You kill the ufetubus!
You open the door. Prince Ribbit hits you.
A bullfrog zombie comes into view.
There is an open door here.
Prince Ribbit blinks!
Pikel waves his whip at you.
Found a stone staircase leading up.
You block the bullfrog zombie's attack. Prince Ribbit barely misses you.
The bullfrog zombie hits you. Prince Ribbit hits you!
* * * LOW HITPOINT WARNING * * *
Prince Ribbit lets out a mournful croak.
Prince Ribbit blinks!
The black bear bites you but does no damage.
You block the black bear's attack.
The black bear claws you but does no damage.
Prince Ribbit hits you but does no damage.
A lemure comes into view.
Prince Ribbit hits you!
* * * LOW HITPOINT WARNING * * *
There is a stone staircase leading up here.
The lemure shouts!
You hear a shout!
Pikel cracks his whip.
You block Pikel's attack. The black bear barely misses you.
The black bear claws you.
You die...

#######################
#.....'..K.............
#.....#................
#.....#................
#....##...>.##......?..
#....#########....##...
#...ZK............##...
#...OF@......5....+....
#....h............#....
#....#########....#....
###### #....##.F.
...##... .........
......... .........
.........


You could see Prince Ribbit, Pikel, a black bear, an ogre, a lemure and a
bullfrog zombie.

Vanquished Creatures
  An orc wizard (D:3)
  4 adders
  An ufetubus (D:6)
  A worm (D:1)
  A dart slug (D:1)
  3 orcs (D:3)
  4 ball pythons
  5 endoplasms
  5 giant cockroaches
  5 goblins
  5 hobgoblins
  2 jackals (D:3)
  4 quokkas
  7 bats
  A frilled lizard (D:1)
  5 kobolds
  4 rats
58 creatures vanquished.

Notes
Turn   | Place    | Note
-------+----------+-------------------------------------------
     0 | D:1      | Peloso the Minotaur Fighter began the quest for the Orb.
     0 | D:1      | Reached XP level 1. HP: 19/19 MP: 0/0
   320 | D:1      | Reached XP level 2. HP: 18/27 MP: 1/1
  1136 | D:1      | Reached XP level 3. HP: 33/33 MP: 2/2
  1274 | D:2      | Found a faded altar of an unknown god.
  1816 | D:3      | Found a shimmering blue altar of Sif Muna.
  1831 | D:3      | Reached XP level 4. HP: 40/40 MP: 3/3
  1951 | D:3      | Reached skill level 1 in Dodging
  2533 | D:4      | You fall into a shaft and drop 3 floors!
  2541 | D:6      | Noticed an ogre
  2541 | D:6      | Noticed a black bear
  2543 | D:6      | Found Vurghasi's Firing Range.
  2548 | D:6      | Noticed Prince Ribbit
  2552 | D:6      | Noticed Pikel
  2592 | D:6      | Noticed a lemure
  2592 | D:6      | HP: 1/40 [Prince Ribbit (9)]
  2593 | D:6      | Slain by a black bear

Illustrated notes

Levels and vault maps discovered:
D:1:      dpeg_arrival_brainrot, layout_rooms
D:2:      layout_rooms, dreamdust_ecumenical_altar_statues
D:3:      layout_rooms, mainiacjoe_overflow_cross_hatched,
          kennysheep_generic_room_2
D:4:      kennysheep_goblin_castle, layout_loops_corners, minitemple,
          minmay_temple_entry_mini_moons, gup_ossuary_entry_pyramid,
          minmay_misc_feat_five
D:6:      layout_gridville, hangedman_decor_lopped, nicolae_shop_firing_range,
          uniq_maggie, uniq_pikel, uniq_prince_ribbit1
D:7:      cheibrodos_helix_gallery, layout_gridville,
          grunt_temple_overflow_holy_war, nemelex_spade_bored_becter,
          gammafunk_ghost_wrathful_warriors, uniq_joseph

Skill      XL: |  1  2  3  4 |
---------------+-------------+-----
Fighting       | 4 |  4.2
Armour         | 4 |  4.6
Long Blades    | 3 4 |  4.2
Shields        | 4 |  4.0
Dodging        | 1 |  1.3
Stealth        | |  0.6

Action                   |  1- 3 |  4- 6 || total
-------------------------+-------+-------++-------
Melee: Long sword        |    88 |    39 ||   127
       Headbutt          |    12 |     2 ||    14
  Use: Scroll            |     3 |     3 ||     6
       Potion            |     2 |       ||     2
Armor: Scale mail        |    68 |    30 ||    98
Dodge: Dodged            |    51 |    32 ||    83
Block: Buckler           |    30 |    16 ||    46
